 Dungeon Crawl Stone Soup version bcrawl-1.20.1 (webtiles) character file.

Game seed: 15775339641450559150

42 Freyura the Skirmisher (level 3, -3/29 HPs)
             Began as a Demonspawn Abyssal Knight on Jan 25, 2020.
             Was a Believer of Lugonu.
             Slain by Terence
             ... wielding a +3 mace of draining
              (7 damage)
             ... on level 2 of the Dungeon.
             The game lasted 00:04:16 (1382 turns).

Freyura the Skirmisher (Demonspawn Abyssal Knight)  Turns: 1382, Time: 00:04:16

Health: -3/29      AC:  5    Str: 12    XL:     3   Next: 33%
Magic:  5/5        EV: 10    Int: 13    God:    Lugonu [**....]
Gold:   36         SH:  0    Dex: 13    Spells: 2/2 levels left

rFire    . . .     SeeInvis .   a - +1 mace
rCold    + . .     Gourm    .   (no shield)
rNeg     . . .     Faith    .   h - +0 ring mail
rPois    .         Spirit   .   (no helmet)
rElec    .         Reflect  .   (no cloak)
rCorr    .         Harm     .   (no gloves)
MR       .....                  (no boots)
Stlth    +.........             (no amulet)
HPRegen  0.09/turn              g - ring of protection from cold
MPRegen  0.09/turn              (no ring)

@: drained
A: sturdy frame 1
a: Depart the Abyss, Bend Space, Banish, Renounce Religion


You were on level 2 of the Dungeon.
You worshipped Lugonu.
Lugonu was pleased with you.
You were not hungry.

You visited 1 branch of the dungeon, and saw 2 of its levels.
You visited the Abyss 1 time.

You collected 36 gold pieces.

Inventory:

Hand Weapons
 a - a +1 mace (weapon)
Missiles
 c - 10 tomahawks of dispersal (quivered)
 d - 325 stones
Armour
 h - a +0 ring mail (worn)
Jewellery
 g - a ring of protection from cold (left hand)
Scrolls
 f - 2 scrolls of immolation {unknown}
 i - 2 scrolls of identify {unknown}
 j - 2 scrolls of remove curse {unknown}
 k - a scroll of teleportation {unknown}
Comestibles
 b - 2 chunks of flesh
 e - 4 rations {!d}


   Skills:
 + Level 3.5(2.4) Fighting
 * Level 2.5(1.5) Maces & Flails
 - Level 0.8(0.0) Throwing
 + Level 2.0(0.9) Armour
 + Level 1.3(0.3) Dodging
 + Level 2.7(1.6) Invocations


You had 2 spell levels left.
You didn't know any spells.
Your spell library was empty.

Dungeon Overview and Level Annotations

Branches:
Dungeon (2/12)

Altars:
The Shining One

Annotations:
D:2 Terence


Innate Abilities, Weirdness & Mutations

Your movements are slightly less encumbered by armour. (ER -2)


Message History

You feel drained.
You hit Terence.
Terence is lightly wounded.
Terence hits you with a +3 mace of draining.
You feel drained. The quokka closely misses you.
Terence hits you with a +3 mace of draining.
You feel drained. The quokka bites you.
* * * LOW HITPOINT WARNING * * *
You are too injured to fight recklessly!
You are too injured to fight recklessly!
You are too injured to fight recklessly!
The quokka twitches its whiskers.
The quokka bites you but does no damage.
You see here a potion of haste.
Terence hits you with a +3 mace of draining.
* * * LOW HITPOINT WARNING * * *
You feel drained.
* * * LOW HITPOINT WARNING * * *
Terence hits you with a +3 mace of draining!
You die...

# ... #.
#.# .# .#
#.# .# .
#.# .# #.
#.##.#
#.##....#
#.......#
#<@...##
#.@r...#
#..!..#....
#..$..# ...
#..)..# .
##.#...#
#.##### ...
##..


You could see Terence and a quokka.

Vanquished Creatures
  A worm (D:2)
  A dart slug (D:2)
  A leopard gecko (D:1)
  3 bats (D:1)
  3 giant cockroaches (D:1)
  5 goblins
  4 hobgoblins (D:1)
  3 jackals (D:1)
  2 kobolds (D:1)
  2 quokkas (D:2)
  A ball python (D:1)
  4 frilled lizards (D:1)
  A rat (D:1)
31 creatures vanquished.

Notes
Turn   | Place    | Note
-------+----------+-------------------------------------------
     0 | Abyss:1  | Freyura the Demonspawn Abyssal Knight began the quest for
                  | the Orb.
     0 | Abyss:1  | Reached XP level 1. HP: 18/18 MP: 2/2
    12 | D:1      | Escaped the Abyss
    78 | D:1      | Reached skill level 1 in Dodging
    84 | D:1      | Gained mutation: Your movements are slightly less
                  | encumbered by armour. (ER -2) [demonic ancestry]
    84 | D:1      | Reached XP level 2. HP: 21/24 MP: 4/4
   163 | D:1      | Reached ** piety under Lugonu
   689 | D:1      | Reached XP level 3. HP: 11/29 MP: 5/5
   986 | D:1      | Found a glowing golden altar of the Shining One.
  1373 | D:2      | Noticed Terence
  1382 | D:2      | Slain by Terence

Skill      XL: |  1  2  3 |
---------------+----------+-----
Dodging        | 1 |  1.3
Maces & Flails | 2 |  2.5
Armour         | 2 |  2.0
Fighting       | |  3.5
Throwing       | |  0.8
Invocations    | |  2.7

Action                   || total
-------------------------++-------
Melee: Mace              ||   104
 Stab: Sleeping          ||     1
  Eat: Chunk             ||     2
Armor: Leather armour    ||    16
       Ring mail         ||    24
Dodge: Dodged            ||   101
